 Dungeon Crawl Stone Soup version 0.29.1-debian-1-gc3f1650bb9 (webtiles) character file.

Game seed: 18354371825862865718

1169 Iusername the Slasher (level 8, -2/65 (70) HPs)
             Began as a Minotaur Fighter on Sept 12, 2022.
             Slain by a yak (5 damage)
             ... on level 5 of the Dungeon.
             The game lasted 00:07:58 (6758 turns).

Iusername the Slasher (Minotaur Fighter)            Turns: 6758, Time: 00:07:59

HP:   -2/65 (70)    AC: 14    Str: 20    XL:     8   Next: 17%
MP:   0/7           EV:  6    Int:  7    God:
Gold: 206           SH:  5    Dex: 11    Spells: 7/7 levels left

rFire   . . .      SeeInvis .   a - +0 long sword
rCold   . . .      Faith    .   c - +0 buckler
rNeg    . . .      Spirit   +   k - +1 plate armour
rPois   .          Reflect  .   (helmet restricted)
rElec   .          Harm     .   (no cloak)
rCorr   .          Rampage  .   (no gloves)
Will    .....                   (no boots)
Stlth   ..........              q - amulet of guardian spirit
HPRegen 0.20/turn               (no ring)
MPRegen 0.10/turn               (no ring)

@: brilliant, flying, drained
A: horns 2, retaliatory headbutt, talons 1
a: no special abilities


You were on level 5 of the Dungeon.
You visited 1 branch of the dungeon, and saw 5 of its levels.

You collected 206 gold pieces.

Inventory:

Hand Weapons
 a - a +0 long sword (weapon)
Armour
 c - a +0 buckler (worn)
 k - a +1 plate armour (worn)
Jewellery
 d - an amulet of the acrobat
 q - an amulet of guardian spirit (around neck)
Scrolls
 f - 2 scrolls of enchant weapon {unknown}
 g - a scroll of fear {unknown}
 h - a scroll of noise {unknown}
 i - 2 scrolls of teleportation {unknown}
 m - a scroll of silence
 n - a scroll of torment
 o - a scroll of vulnerability
 p - a scroll of magic mapping
 t - a scroll of poison
 v - a scroll of immolation
Potions
 b - a potion of ambrosia {unknown}
 e - a potion of mutation
 j - a potion of lignification {unknown}
 l - a potion of flight
 s - a potion of heal wounds {unknown}


   Skills:
 + Level 6.2 Fighting
 + Level 7.5 Long Blades
 + Level 7.3 Armour
 + Level 1.1 Dodging
 + Level 0.1 Stealth
 + Level 5.4 Shields


You had 7 spell levels left.
You didn't know any spells.
Your spell library contained the following spells:

 Spells                   Type           Power      Damage    Failure   Level
 Beastly Appendage        Tmut           0%         N/A       100%        1
 Scorch                   Fire           0%         2d5       100%        2
 Wereblood                Tmut           0%         N/A       100%        2
 Dazzling Flash           Conj/Hex       0%         N/A       100%        3
 Gell's Gravitas          Tloc           0%         N/A       100%        3
 Spider Form              Tmut/Pois      0%         N/A       100%        3
 Teleport Other           Tloc           0%         N/A       100%        3
 Flame Wave               Conj/Fire      0%         2d4       100%        4
 Agony                    Necr           0%         N/A       100%        5
 Silence                  Hex/Air        0%         N/A       100%        5
 Dispersal                Tloc           0%         N/A       100%        6
 Summon Cactus Giant      Summ           0%         N/A       100%        6


Dungeon Overview and Level Annotations

Branches:
Dungeon (5/15)
 Temple: D:4-7

Altars:
Cheibriados
Makhleb
Okawaru
Vehumet
Wu Jian
Xom


Innate Abilities, Weirdness & Mutations

You have a pair of horns on your head.
You reflexively headbutt those who attack you in melee.
You have sharp toenails.


Message History

The yak closely misses you.
You slash the yak! You headbutt the yak!
The yak is heavily wounded.
The yak gores you! The yak barely misses you.
The yak gores you but does no damage. x2
You closely miss the yak.
The yak is heavily wounded.
The yak gores you! The yak gores you but does no damage.
You hit the yak.
The yak is heavily wounded.
The yak gores you. The yak gores you but does no damage.
You hit the yak.
The yak is severely wounded.
The yak closely misses you. The yak barely misses you.
You barely miss the yak.
The yak is severely wounded.
The yak gores you. The yak gores you but does no damage.
You hit the yak but do no damage.
The yak is severely wounded.
The yak gores you!
* * * LOW HITPOINT WARNING * * *
The yak barely misses you.
You feel better. The yak gores you but does no damage. The yak gores you.
The yak gores you but does no damage. The yak gores you!
* * * LOW HITPOINT WARNING * * *
The yak attacks as you move away! The yak gores you.
* * * LOW HITPOINT WARNING * * *
The yak attacks as you move away! The yak gores you but does no damage.
It was a potion of mutation.
You feel extremely strange.
Your body twists and deforms.
Your body's shape seems more normal.
Your toenails lengthen and sharpen.
It was a potion of flight.
You feel very buoyant.
You fly up into the air.
The yak gores you.
* * * LOW HITPOINT WARNING * * *
It was a potion of brilliance.
You feel clever all of a sudden. The yak gores you.
You die...

#..# #. ...
#..# .##..
#..# ....
..# #.. #.#
.#######.#
........Y#
.#######Y#
#Y@#
.######..##
..........#
.#######..#
#.## #.#
########.#
#...)....#
#.#)####.#


You could see 3 yaks.

Vanquished Creatures
  A sky beast (D:5)
  2 black bears (D:5)
  A necrophage (D:5)
  A scorpion (D:4)
  3 wights (D:5)
  5 crimson imps (D:4)
  2 hounds (D:5)
  4 orc priests (D:4)
  2 scorpion zombies (D:5)
  4 iguanas
  A killer bee zombie (D:5)
  2 adders
  A dart slug (D:2)
  10 orcs (D:4)
  2 endoplasms
  6 giant cockroaches
  11 goblins
  7 hobgoblins
  4 jackals (D:1)
  7 kobolds
  8 quokkas
  6 ball pythons
  6 bats
  3 frilled lizards
  6 rats
105 creatures vanquished.

Vanquished Creatures (others)
  An orc wizard (D:4)
1 creature vanquished.

Grand Total: 106 creatures vanquished

Notes
Turn   | Place    | Note
-------+----------+-------------------------------------------
     0 | D:1      | Iusername the Minotaur Fighter began the quest for the Orb.
     0 | D:1      | Reached XP level 1. HP: 19/19 MP: 0/0
     2 | D:1      | Found a faded altar of an unknown god.
    21 | D:1      | Reached XP level 2. HP: 14/27 MP: 1/1
  1026 | D:1      | Reached XP level 3. HP: 33/33 MP: 2/2
  1081 | D:2      | You fall into a shaft and drop 2 floors!
  1085 | D:4      | Noticed a scorpion
  1090 | D:4      | Killed a scorpion
  1091 | D:4      | Reached XP level 4. HP: 36/41 MP: 3/3
  1683 | D:3      | Found a glowing drain.
  1903 | D:3      | Found a snail-covered altar of Cheibriados.
  1903 | D:3      | Found an ornate altar of the Wu Jian Council.
  2013 | D:2      | Found an iron altar of Okawaru.
  2152 | D:2      | Reached XP level 5. HP: 39/47 MP: 4/4
  2587 | D:4      | Reached skill level 5 in Armour
  2625 | D:4      | Reached skill level 5 in Fighting
  3422 | D:4      | Reached skill level 5 in Long Blades
  3422 | D:4      | Reached XP level 6. HP: 27/56 MP: 1/5
  3953 | D:4      | Found a burning altar of Makhleb.
  3954 | D:4      | Found a radiant altar of Vehumet.
  4808 | D:4      | Found a shimmering altar of Xom.
  5015 | D:5      | Entered Level 5 of the Dungeon
  5051 | D:5      | Reached XP level 7. HP: 61/61 MP: 6/6
  5501 | D:5      | Reached skill level 1 in Dodging
  5593 | D:5      | Reached skill level 5 in Shields
  5702 | D:5      | Reached XP level 8. HP: 60/70 MP: 4/7
  6755 | D:5      | HP: 3/65 [yak (6)]
  6756 | D:5      | Gained mutation: Armour fits poorly on your strangely
                  | shaped body. [potion of mutation]
  6756 | D:5      | Lost mutation: Armour fits poorly on your strangely shaped
                  | body. [potion of mutation]
  6756 | D:5      | Gained mutation: You have sharp toenails. [potion of
                  | mutation]
  6758 | D:5      | Slain by a yak

Illustrated notes

Levels and vault maps discovered:
D:1:      eino_arrival_druids_welcome, layout_rooms,
          ebering_ecumenical_altar_webs, serial_park_tiny_2, serial_bayou_pond_c
D:2:      layout_basic, basic_altar
D:3:      layout_rooms, nicolae_overflow_two_pavilions, gup_sewer_entry_spiral,
          bh_walls_and_bars
D:4:      layout_loops_ring, grunt_temple_overflow_lords_of_destruction,
          led_xom_imps, minmay_misc_feat_four_crosses, minmay_pentangle
D:5:      layout_loops_ring, nicolae_yredelemnul_corpse_copse, temple_statues,
          minmay_hollow_rounded_squares, uniq_pikel

Skill      XL: |  1  2  3  4  5  6  7  8 |
---------------+-------------------------+-----
Armour         | 4 5 6 7 |  7.3
Shields        | 4 5 |  5.4
Fighting       | 4 5 6 |  6.2
Long Blades    | 3 4 5 6 7 |  7.5
Dodging        | 1 |  1.1
Stealth        | |  0.1

Action                   |  1- 3 |  4- 6 |  7- 9 || total
-------------------------+-------+-------+-------++-------
Melee: Long sword        |    59 |   216 |    87 ||   362
       Headbutt          |     8 |    27 |    17 ||    52
  Use: Scroll            |       |     7 |     1 ||     8
       Potion            |       |     1 |     7 ||     8
Armor: Scale mail        |    40 |       |       ||    40
       Plate armour      |    19 |   132 |    79 ||   230
Dodge: Dodged            |    33 |    45 |    42 ||   120
Block: Buckler           |    17 |    40 |    18 ||    75
